 Dungeon Crawl Stone Soup version 0.31-a0-702-gf82c85558f (webtiles) character file.

Game seed: 15309930676394366129

48 ytrimaz the Insei (level 3, 0/23 HPs)
             Began as an Octopode Shapeshifter on Sept 8, 2023.
             Slain by a gnoll
             ... wielding a +0 spear
              (1 damage)
             ... on level 2 of the Dungeon.
             The game lasted 00:01:23 (739 turns).

ytrimaz the Insei (Octopode Shapeshifter)            Turns: 739, Time: 00:01:23

Health: 0/23       AC:  1    Str: 13    XL:     3   Next: 72%
Magic:  3/3        EV: 13    Int: 12    God:
Gold:   108        SH:  0    Dex: 13    Spells: 2/2 levels left

rFire   . .          .
                       - Unarmed
rCold   . . .        (no shield)
rNeg    . . .        (helmet currently unavailable)
rPois   .            (no amulet)
rElec   .            (no ring)
rCorr   .            (no ring)
SInv    .            (no ring)
Will    .....        (no ring)
Stlth   +++          (no ring)
HPRegen 0.23/turn    (no ring)
MPRegen 0.08/turn    (no ring)
                     (no ring)

%: no passive effects
@: beast-form, attractive
A: beast (slay +2), almost no armour, amphibious, 8 rings, camouflage 1,
gelatinous body 1, (nimble swimmer 1), tentacles
a: Begin Untransformation


You were on level 2 of the Dungeon.
You were a hulking beast.
You visited 1 branch of the dungeon, and saw 2 of its levels.

You collected 108 gold pieces.


Innate Abilities, Weirdness & Mutations

You are a hulking beast.
Your limbs bulge with bestial killing power. (Slay +2)
You cannot wear most types of armour.
You are amphibious.
You can wear up to eight rings at the same time.
Your skin changes colour to match your surroundings (Stealth+).
Your rubbery body absorbs attacks. (AC +1, EV +1)
((You are camouflaged when in or above water. (Stealth+)))
You have tentacles for arms and can constrict up to eight enemies at once.


   Skills:
 - Level 1.0 Fighting
 - Level 2.0 Dodging
 + Level 2.4 Stealth
 + Level 3.6 Unarmed Combat
 + Level 3.5 Shapeshifting


You had 2 spell levels left.
You didn't know any spells.
Your spell library was empty.

Inventory:

Talismans
 b - a beast talisman (active)
 c - a flux talisman
Scrolls
 f - a scroll of vulnerability {unknown}
 h - a scroll of fear {unknown}
 i - a scroll of teleportation {unknown}
 j - a scroll of torment {unknown}
Potions
 a - a potion of lignification

Dungeon Overview and Level Annotations

Branches:
Dungeon (2/15) Zot: 11263

Altars:

Shops:
D:1

[ ...... #......
...... ######.....
...... ##โ€
?...>#.##.
......##..#......$..
......#..##....####
..............g...#
.....)######.ยงg##.##
...... ###bg...#
...... #..h#.# ......
#...# #.####
#...###.. .. ####
#......# #
#...##.###.....
#....###..... #
###.......... ..
#.###.....#.....
#.###.##....### ...


You could see 3 gnolls and a bat.


Message History

A worm comes into view.
You see here a scroll labelled ZUERYTUKAL.
A worm is nearby!
A worm is nearby!
A worm is nearby!
You see here a +0 pair of boots.
You see here a scroll labelled MIOTHR QEHUANIOS.
The helpless worm fails to defend itself.
You bludgeon the worm! Your grab misses the worm. The worm closely misses you.
You tentacle-slap the worm. You grab the worm. You constrict the worm.
You bludgeon the worm!
You kill the worm!
A kobold comes into view. It is wielding a +0 dagger.
The kobold shouts!
A gnoll comes into view. It is wielding a +0 spear.
You see here a worm corpse.
Unknown command.
A gnoll comes into view. It is wielding a +0 club.
There are monsters nearby!
There are monsters nearby!
A gnoll comes into view. It is wielding a +0 spear.
A bat comes into view.
An adder comes into view.
The bat moves out of view.
There are monsters nearby!
The kobold barely misses you.
You barely miss the kobold.
The gnoll shouts!
You grab the kobold.
You constrict the kobold, but do no damage.
The kobold hits you with a +0 dagger. ๐Ÿ˜• HP[-3]
You take 3 damage, and now have 20/23 hp.
You tentacle-slap the kobold.
You kill the kobold!
The bat barely misses you.
The gnoll hits you from afar with a +0 spear. ๐Ÿ˜• HP[-2]
You take 2 damage, and now have 18/23 hp.
You bludgeon the adder! You grab the adder. You constrict the adder.
The bat closely misses you. The adder closely misses you.
You release your grip on the adder.
The adder bites you. ๐Ÿ˜ฎ HP[-3]
You take 3 damage, and now have 15/23 hp.
The adder attacks as it pursues you! The adder closely misses you.
You see here a worm corpse. ๐Ÿ˜ฎ HP[+1]
The bat completely misses you. The adder attacks as it pursues you!
The adder misses you. The bat closely misses you. The adder barely misses you.
You see here a scroll labelled MIOTHR QEHUANIOS.
You tentacle-slap the adder.
You kill the adder!
The bat hits you but does no damage. The bat barely misses you.
You see here a worm corpse.
The bat hits you. The bat barely misses you.
The gnoll hits you from afar with a +0 spear!
* * * LOW HITPOINT WARNING * * *
You see here a scroll labelled MIOTHR QEHUANIOS. ๐Ÿ˜จ HP[-8]
You take 8 damage, and now have 8/23 hp.
MASSIVE DAMAGE!! (PAUSE)
Okay, then.
The bat attacks as it pursues you! The bat misses you.
The bat hits you but does no damage. The bat barely misses you.
The gnoll attacks as it pursues you!
The gnoll hits you from afar with a +0 spear.
* * * LOW HITPOINT WARNING * * *
๐Ÿ˜ฑ HP[-4]
You take 4 damage, and now have 4/23 hp.
Unknown command.
The bat hits you.
* * * LOW HITPOINT WARNING * * *
You see here a +0 pair of boots. ๐Ÿ˜ฑ HP[-1]
You take 1 damage, and now have 3/23 hp. ๐Ÿ˜ฑ HP[+1]
The bat closely misses you.
You see here a scroll labelled ZUERYTUKAL.
It was a potion of curing.
You feel better.
The gnoll hits you from afar with a +0 spear!
* * * LOW HITPOINT WARNING * * *
๐Ÿ˜ฑ HP[-2]
You take 2 damage, and now have 2/23 hp.
It was a potion of resistance.
You feel protected. The bat misses you. The gnoll closely misses you.
It was a potion of attraction.
You feel attractive to monsters. The bat hits you but does no damage.
The gnoll hits you from afar with a +0 spear.
* * * LOW HITPOINT WARNING * * *
The gnoll is attracted toward you. x2; The bat is attracted toward you. ๐Ÿ˜ฑ HP[-1]
You take 1 damage, and now have 1/23 hp.
It was a potion of cancellation.
Your magical effects are unravelling.
You feel magically purged.
Your resistance to elements expires.
The bat misses you. The gnoll hits you with a +0 spear.
You die...

Skill      XL: |  1  2  3 |
---------------+----------+-----
Stealth        | 1 2 |  2.4
Fighting       | |  1.0
Dodging        | |  2.0
Unarmed Combat | |  3.6
Shapeshifting  | |  3.5

Action                     || total
---------------------------++-------
  Melee: Unarmed           ||    50
         Constrict         ||    17
         Tentacles         ||    12
    Use: Potion            ||     4
   Stab: Sleeping          ||     4
 Armour: Skin              ||    35
  Dodge: Dodged            ||    41

Levels and vault maps discovered:
D:1:      spicycebolla_arrival_xxxplode, layout_rooms, serial_shops,
          shop_fountains
D:2:      layout_rooms, hellmonk_ecumenical_altar_leap_of_faith, kennysheep_nub,
          uniq_terence

Notes
Turn   | Place    | Note
-------+----------+-------------------------------------------
     0 | D:1      | ytrimaz the Octopode Shapeshifter began the quest for the
                  | Orb.
     0 | D:1      | Reached XP level 1. HP: 13/13 MP: 1/1
     0 | D:1      | magus.rc [v1.9.6]
    13 | D:1      | HP: 3/13 [hobgoblin (3)]
   146 | D:1      | Reached XP level 2. HP: 15/18 MP: 2/2
   212 | D:1      | Reached skill level 1 in Stealth
   381 | D:1      | Found Kuocliph's Antique Armour Emporium.
   506 | D:1      | Reached XP level 3. HP: 14/23 MP: 3/3
   613 | D:2      | Reached skill level 2 in Stealth
   732 | D:2      | HP: 4/23 [gnoll/+0 spear (4)]
   738 | D:2      | HP: 1/23 [gnoll/+0 spear (2)]
   739 | D:2      | Slain by a gnoll

Vanquished Creatures
  An adder (D:2)
  2 worms (D:2)
  3 dart slugs (D:1)
  A ball python (D:2)
  An endoplasm (D:1)
  A giant cockroach (D:1)
  A goblin (D:1)
  7 hobgoblins
  A quokka (D:1)
  2 bats (D:1)
  4 kobolds
  2 rats
26 creatures vanquished.

Table legend:
 A = Non-vault XP
 B = Vault XP
 C = Vault XP percentage of total XP
 D = Non-vault monster count
 E = Vault monster count
 F = Vault count percentage of total count
                 A         B        C        D         E       F
            +---------+---------+-------+---------+---------+-------
      Total |      69 |       0 |   0.0 |      26 |       0 |   0.0
            +---------+---------+-------+---------+---------+-------
        D:1 |      38 |       0 |   0.0 |      18 |       0 |   0.0
        D:2 |      31 |       0 |   0.0 |       8 |       0 |   0.0
            +---------+---------+-------+---------+---------+-------

Skill      XL: |  1  2  3 |
---------------+----------+-----
Stealth        | 1 2 |  2.4
Fighting       | |  1.0
Dodging        | |  2.0
Unarmed Combat | |  3.6
Shapeshifting  | |  3.5

Action                     || total
---------------------------++-------
  Melee: Unarmed           ||    50
         Constrict         ||    17
         Tentacles         ||    12
    Use: Potion            ||     4
   Stab: Sleeping          ||     4
 Armour: Skin              ||    35
  Dodge: Dodged            ||    41

Illustrated notes

Table legend:
 A = Kills in this place as a percentage of kills in the entire game.
 B = Kills by you in this place as a percentage of kills by you in the entire game.
 C = Kills by friends in this place as a percentage of kills by friends in the entire game.
 D = Other kills in this place as a percentage of other kills in the entire game.
 E = Experience gained in this place as a percentage of experience gained in the entire game.
 F = Experience gained in this place divided by the number of levels of this place that you have seen.
                   A       B       C       D       E      F
               +-------+-------+-------+-------+-------+----------------------
         Total | 100.0 | 100.0 |   N/A |   N/A | 100.0 |  34.5
       Dungeon | 100.0 | 100.0 |   N/A |   N/A | 100.0 |  34.5
               +-------+-------+-------+-------+-------+----------------------

Table legend: (Time is in decaauts)
 A = Elapsed time spent in this place.
 B = Non-inter-level travel time spent in this place.
 C = Inter-level travel time spent in this place.
 D = Time resting spent in this place.
 E = Time spent auto-exploring this place.
 F = Levels seen in this place.
 G = Mean time per level.
                   A        B        C        D        E       F      G
               +--------+--------+--------+--------+--------+-----+--------+
         Total |    735 |    699 |     36 |      0 |    494 |   2 |  367.5 |
       Dungeon |    735 |    699 |     36 |      0 |    494 |   2 |  367.5 |
               +--------+--------+--------+--------+--------+-----+--------+

Top non-repeatable levels by time:
     D:1: 598 daAuts
     D:2: 136 daAuts
